 Dungeon Crawl Stone Soup version 0.15.1-3-g1b33baa (webtiles) character file.

59733 1100001001 the Swashbuckler (level 15, 92/92 HPs)
             Began as a Kobold Assassin on Oct 3, 2014.
             Was the Champion of Dithmenos.
             Quit the game on Level 4 of the Orcish Mines.
             The game lasted 02:10:10 (30840 turns).

1100001001 the Swashbuckler (Kobold Assassin)      Turns: 30840, Time: 02:10:10

HP  92/92        AC  9     Str 15      XL: 15   Next: 35%
MP  29/29        EV 31     Int  9      God: Dithmenos [******]
Gold 931         SH  0     Dex 22      Spells:  2 memorised, 10 levels left

rFire  . . .     SeeInvis .     a - +1 cutlass
rCold  . . .     Clarity  .     r - +2 robe {rN+}
rNeg   + . .     rCorr    .     (no shield)
rPois  .         rRot     .     (no helmet)
rElec  .         Spirit   .     d - +1 cloak
SustAb .         Warding  .     v - +2 pair of gloves
rMut   .         Stasis   .     (no boots)
Gourm  .                        (no amulet)
MR     +....                    U - ring of stealth
                                i - +3 ring of strength

@: wreathed by umbra, somewhat resistant to hostile enchantments, uncannily
stealthy
A: carnivore 3, evolution 1
a: Shadow Step, Shadow Form, Renounce Religion


You were on level 4 of the Orcish Mines.
You worshipped Dithmenos.
Dithmenos was exalted by your worship.
You were full.

You visited 3 branches of the dungeon, and saw 24 of its levels.

You collected 2186 gold pieces.
You spent 1255 gold pieces at shops.


Innate Abilities, Weirdness & Mutations

You are small and have problems with some larger weapons.
You are carnivorous and can eat meat at any time.
You evolve.


   Skills:
 - Level 10.3 Fighting
 - Level 16.5 Short Blades
 - Level 2.6 Throwing
 + Level 15.4 Dodging
 - Level 16.0 Stealth
 - Level 6.6 Invocations
 - Level 11.1 Evocations


You had 10 spell levels left.
You knew the following spells:

 Your Spells              Type           Power        Failure   Level  Hunger
L - Blink                 Tloc           N/A          65%         2    ###....
R - Repel Missiles        Chrm/Air       #.....       65%         2    ###....

Inventory:

Hand weapons
 a - a +1 cutlass (weapon)
 b - a +0 blowgun
 x - a +3 dagger
 W - the +0 short sword of Optimality {slice, rElec MR++ SInv}
   (You bought it in a shop on level 4 of the Orcish Mines)

   It inflicts extra damage upon your enemies.
   It insulates you from electricity.
   It affects your resistance to hostile enchantments.
   It enhances your eyesight.
Missiles
 e - 67 poisoned needles
 f - 583 stones (quivered)
 p - a throwing net
 q - 2 curare-tipped needles
 Q - 8 needles of paralysis
Armour
 d - a +1 cloak (worn)
 r - a +2 robe of positive energy (worn)
 v - a +2 pair of gloves (worn)
 C - a +2 helmet of see invisible
 K - a steam dragon hide
Magical devices
 w - a wand of invisibility (0)
 B - a wand of hasting (2)
 D - a wand of confusion (0)
 L - a wand of paralysis (6)
 M - a wand of draining (1)
 N - a wand of lightning (5)
 O - a wand of paralysis (0)
 P - a wand of enslavement (5)
 V - a wand of cold (0)
Comestibles
 g - 12 meat rations
 j - 9 slices of pizza
 k - a royal jelly
Scrolls
 h - 8 scrolls of remove curse
 o - 4 scrolls of teleportation
 z - a scroll of amnesia
 I - 3 scrolls of identify
 S - 2 scrolls of recharging
Jewellery
 c - an uncursed amulet of stasis
 i - a +3 ring of strength (left hand)
 t - an uncursed amulet of faith {!P}
 y - the ring of Bloffuack {MR+ EV+3 Int-2}
   (You found it on level 2 of the Lair of Beasts)

   [ring of evasion]

   It affects your evasion (+3).
   It affects your intelligence (-2).
   It affects your resistance to hostile enchantments.
 A - an uncursed ring of ice
 R - the ring of Currax {SInv Stlth-}
   (You found it on level 11 of the Dungeon)

   [ring of loudness]

   It enhances your eyesight.
   It makes you less stealthy.
 U - a ring of stealth (right hand)
Potions
 l - 4 potions of heal wounds
 m - 6 potions of curing
 n - 2 potions of cure mutation
 s - a potion of flight
 u - a potion of magic
 E - 2 potions of restore abilities
 F - a potion of haste
 G - 5 potions of resistance
 J - 2 potions of cancellation
Books
 H - a book of Ice

   Spells                             Type                      Level
   Metabolic Englaciation             Hexes/Ice                    5
   Ozocubu's Refrigeration            Ice                          6
   Bolt of Cold                       Conjuration/Ice              6
   Freezing Cloud                     Conjuration/Ice/Air          6
   Simulacrum                         Ice/Necromancy               6
 T - a book of Minor Magic

   Spells                             Type                      Level
   Magic Dart                         Conjuration                  1
   *Blink                             Translocation                2
   Call Imp                           Summoning                    2
   *Repel Missiles                    Charms/Air                   2
   Slow                               Hexes                        2
   Conjure Flame                      Conjuration/Fire             3
   Mephitic Cloud                     Conjuration/Poison/Air       3

▒▒▒▒░ ░▒▒▒▒▒ ▒···▒░ ░····▒
▒····▒▒ ░····▒
▒·····▒▒▒▒▒▒▒▒▒····▒
▒··················▒
▒·······)·····K····▒
▒▒···)·▒▒▒▒▒▒▒···▒▒▒
▒▒▒····▒ ▒···▒
▒∩▒▒···▒▒▒▒▒▒▒)··▒▒▒▒▒▒▒▒
▒·∩▒▒·················▒·▒
▒···▒·················▒·▒▒▒
▒▒··▒·······)··)%·········▒▒
▒▒············)···········▒▒
▒▒······⌠··········)······▒▒


There were no monsters in sight!


Message History

You closely miss the orc high priest.
The orc high priest is lightly wounded.
Your shadow hits the orc high priest with a cutlass.
You slash the orc high priest!
The orc high priest is moderately wounded.
The orc high priest completely misses you.
You hit the orc high priest.
The orc high priest is moderately wounded.
Your shadow hits the orc high priest with a cutlass.
You puncture the orc high priest!
The orc high priest is severely wounded.
The orc high priest prays to Beogh.
You hit the orc high priest.
The orc high priest is severely wounded.
You closely miss the orc high priest.
The orc high priest is severely wounded.
The orc high priest misses you.
You hit the orc high priest.
The orc high priest is severely wounded.
You puncture the orc high priest!
The orc high priest is almost dead.
The blue devil completely misses you. The orc high priest misses you.
You closely miss the orc high priest.
The orc high priest is almost dead.
You slash the orc high priest!
You kill the orc high priest!
Dithmenos accepts your kill.
You see here a hand axe.
You see here a glowing flail.
Are you sure you want to abandon this character and quit the game? (Confirm with "yes".)

Action                   |  1- 3 |  4- 6 |  7- 9 | 10-12 | 13-15 || total
-------------------------+-------+-------+-------+-------+-------++-------
Melee: Dagger            |    65 |   136 |   531 |   915 |   231 ||  1878
       Cutlass           |       |       |       |    26 |  2425 ||  2451
 Fire: Blowgun           |     7 |     8 |    24 |    29 |    24 ||    92
Throw: Stone             |       |       |     9 |     7 |     3 ||    19
       Throwing net      |       |       |     4 |       |     1 ||     5
Invok: Shadow Step       |       |       |       |     6 |     4 ||    10
       Shadow Form       |       |       |       |       |     2 ||     2
Evoke: Wand              |       |     2 |     4 |    26 |    34 ||    66
  Use: Scroll            |       |       |    13 |    18 |    11 ||    42
       Potion            |       |       |       |     6 |     4 ||    10
 Stab: Sleeping          |     5 |     9 |    35 |    84 |   138 ||   271
       Invisible         |       |     1 |     1 |     6 |    44 ||    52
       Held in net/web   |       |       |     2 |       |       ||     2
       Distracted        |       |       |     1 |     6 |    19 ||    26
       Confused          |       |       |       |     5 |       ||     5
       Fleeing           |       |       |       |       |     1 ||     1
       Paralysed         |       |       |       |       |     7 ||     7
  Eat: Chunk             |     1 |    16 |    12 |    26 |    34 ||    89
       Beef jerky        |       |       |       |       |     7 ||     7

Vault maps used:
D:1:      minmay_arrival_checkered_box
D:2:      grunt_dithmenos_smoke
D:4:      minmay_temple_entry_butterflies, kennysheep_boxes, uniq_sigmund
D:5:      lemuel_crystal_altar, first_bread, uniq_iyjb, uniq_blork_the_orc
D:6:      amethyst_overflow_temple_binary, minmay_misc_feat_four_crosses,
          lemuel_oklob_altar, uniq_crazy_yiuf_cottage, uniq_pikel,
          uniq_eustachio
D:7:      the_bakery
D:8:      minmay_lair_entry_lava
D:9:      fiery_altar_vehumet, special_room, minmay_three_doors
D:11:     lemuel_ogre_cave
D:12:     orc_david_3, serial_park_tiny_1, st_stairs_2, uniq_sonja, uniq_joseph
Orc:1:    lightli_orcish_oven
Orc:3:    nicolae_orc_pool_cavern
Orc:4:    st_orc_congregation
Lair:1:   infiniplex_staircase_pool_2
Lair:2:   lemuel_fruit_fields
Lair:3:   guppyfry_snake_entry_garden
Lair:4:   boulder_dual_corridor_run, eino_house_with_fridge
Lair:5:   minmay_lair_oklob_chamber, grunt_megastairs_2
Lair:6:   minmay_shoals_entry_beasts, slime_altar_1, uniq_fannar
Lair:7:   lemuel_ratsnest, minmay_holes, st_stairs_9, minivault_26,
          beast_lair_carwin_1, uniq_nergalle
Lair:8:   evilmike_catoblepas_cave, st_stairs_10, bobbens_ice_dragon_lair

Notes
Turn   | Place    | Note
--------------------------------------------------------------
     0 | D:1      | 1100001001, the Kobold Assassin, began the quest for the Orb.
     0 | D:1      | Reached XP level 1. HP: 12/12 MP: 1/1
   113 | D:1      | Reached skill level 3 in Short Blades
   131 | D:1      | Reached XP level 2. HP: 15/17 MP: 2/2
   538 | D:1      | Reached skill level 4 in Short Blades
   604 | D:1      | Reached XP level 3. HP: 17/21 MP: 3/3
  1315 | D:2      | Reached skill level 5 in Short Blades
  1341 | D:2      | Reached XP level 4. HP: 12/26 MP: 4/4
  1704 | D:2      | Reached skill level 6 in Short Blades
  1781 | D:2      | Found a shadowy altar of Dithmenos.
  1793 | D:2      | Became a worshipper of Dithmenos the Shadowed
  1835 | D:2      | Reached XP level 5. HP: 23/30 MP: 5/5
  2673 | D:3      | Noticed an ice beast
  2901 | D:3      | Noticed an ice beast
  2907 | D:3      | Killed an ice beast
  2907 | D:3      | Reached skill level 8 in Short Blades
  2907 | D:3      | Reached XP level 6. HP: 35/35 MP: 6/6
  3451 | D:3      | Killed an ice beast
  3681 | D:3      | Reached skill level 9 in Short Blades
  3681 | D:3      | Reached XP level 7. HP: 40/40 MP: 7/7
  3956 | D:4      | Reached skill level 10 in Short Blades
  4031 | D:4      | Found a staircase to the Ecumenical Temple.
  4180 | D:4      | Noticed Sigmund
  4205 | D:4      | Reached skill level 6 in Stealth
  4269 | D:4      | Killed Sigmund
  4269 | D:4      | Reached skill level 7 in Stealth
  4269 | D:4      | Reached XP level 8. HP: 36/44 MP: 8/8
  4662 | D:4      | Reached skill level 8 in Stealth
  4974 | D:4      | Acquired Dithmenos' first power
  5123 | D:5      | Entered Level 5 of the Dungeon
  5230 | D:5      | Reached skill level 9 in Stealth
  5406 | D:5      | Noticed Yermak's ghost (average FoFi)
  5866 | D:5      | Noticed Blork the orc
  6036 | D:5      | Killed Blork the orc
  6214 | D:5      | Noticed Ijyb
  6234 | D:5      | Killed Ijyb
  6267 | D:5      | Reached skill level 10 in Stealth
  6556 | D:4      | Reached skill level 11 in Stealth
  6828 | D:5      | Reached XP level 9. HP: 48/48 MP: 9/9
  6916 | D:5      | Found a basalt altar of Yredelemnul.
  7045 | D:5      | Reached skill level 12 in Stealth
  7131 | D:6      | Acquired Dithmenos' second power
  7320 | D:6      | Found a shadowy altar of Dithmenos.
  7321 | D:6      | Noticed an oklob plant
  7323 | D:6      | Killed an oklob plant
  7323 | D:6      | Reached skill level 5 in Dodging
  7539 | D:6      | Noticed Crazy Yiuf
  7546 | D:6      | Killed Crazy Yiuf
  7546 | D:6      | Reached skill level 6 in Dodging
  7658 | D:6      | Noticed Eustachio
  7753 | D:6      | Found an iron altar of Okawaru.
  7760 | D:6      | Found a stormy altar of Qazlal.
  8098 | D:6      | Killed Eustachio
  8098 | D:6      | Reached skill level 7 in Dodging
  8108 | D:6      | Noticed Pikel
  8186 | D:6      | Killed Pikel
  8186 | D:6      | Reached skill level 8 in Dodging
  8186 | D:6      | Reached XP level 10. HP: 53/53 MP: 10/10
  8594 | D:7      | Reached skill level 9 in Dodging
  8774 | D:7      | Reached skill level 10 in Dodging
  9599 | D:7      | Reached skill level 11 in Dodging
  9855 | D:7      | Acquired Dithmenos' third power
 10662 | D:8      | Found a staircase to the Lair.
 10671 | D:8      | Reached skill level 12 in Dodging
 11122 | Lair:1   | Entered Level 1 of the Lair of Beasts
 11151 | Lair:1   | Reached skill level 13 in Dodging
 11151 | Lair:1   | Reached XP level 11. HP: 47/57 MP: 11/11
 11601 | Lair:1   | Noticed a six-headed hydra
 11687 | Lair:2   | Reached skill level 14 in Dodging
 11821 | Lair:2   | Got a vibrating brass ring
 11822 | Lair:2   | Identified the ring of Bloffuack {MR+ EV+3 Int-2} (You found it on level 2 of the Lair of Beasts)
 12088 | Lair:2   | Acquired Dithmenos' fourth power
 12805 | Lair:3   | Reached skill level 1 in Invocations
 13089 | Lair:3   | Reached skill level 2 in Invocations
 13302 | Lair:3   | Reached skill level 3 in Invocations
 13310 | Lair:3   | Reached skill level 4 in Invocations
 13361 | Lair:3   | Found a staircase to the Snake Pit.
 13688 | Lair:4   | Reached skill level 5 in Invocations
 14125 | Lair:4   | Noticed a five-headed hydra
 14129 | Lair:4   | Killed a five-headed hydra
 14129 | Lair:4   | Reached skill level 6 in Invocations
 14407 | Lair:4   | Got a sapphire-encrusted leather armour
 14418 | Lair:4   | Identified the -1 leather armour of the Assorted Deaths {rElec MR++ Int+3 Stlth+} (You found it on level 4 of the Lair of Beasts)
 14477 | Lair:4   | Reached XP level 12. HP: 62/62 MP: 22/22
 14791 | Lair:4   | Noticed a necromancer
 14820 | Lair:4   | Killed a necromancer
 14820 | Lair:4   | Reached skill level 11 in Short Blades
 15108 | Lair:5   | Reached skill level 12 in Short Blades
 15596 | Lair:5   | Noticed a four-headed hydra
 15600 | Lair:5   | Killed a four-headed hydra
 15664 | Lair:5   | Reached skill level 13 in Short Blades
 16082 | Lair:5   | Noticed a seven-headed hydra
 16204 | Lair:6   | Noticed Fannar
 16208 | Lair:6   | Killed Fannar
 16208 | Lair:6   | Reached skill level 14 in Short Blades
 16322 | Lair:6   | Found a staircase to the Shoals.
 16430 | Lair:6   | Reached skill level 15 in Short Blades
 16436 | Lair:6   | Reached XP level 13. HP: 67/67 MP: 23/23
 16740 | Lair:6   | Reached skill level 16 in Short Blades
 16860 | Lair:6   | Found a staircase to the Slime Pits.
 16860 | Lair:6   | Found a viscous altar of Jiyva.
 17018 | Lair:7   | Noticed Nergalle
 17180 | Lair:6   | Reached skill level 1 in Evocations
 17195 | Lair:6   | Reached skill level 2 in Evocations
 17231 | Lair:6   | Reached skill level 3 in Evocations
 17410 | Lair:6   | Reached skill level 4 in Evocations
 17474 | Lair:7   | Reached skill level 5 in Evocations
 17487 | Lair:7   | Reached skill level 6 in Evocations
 17603 | Lair:7   | Reached skill level 7 in Evocations
 17631 | Lair:7   | Reached skill level 8 in Evocations
 17820 | Lair:7   | Reached skill level 9 in Evocations
 18590 | Lair:7   | Reached skill level 10 in Evocations
 19141 | Lair:7   | Reached skill level 11 in Evocations
 19254 | Lair:7   | Reached skill level 3 in Fighting
 19744 | Lair:8   | Entered Level 8 of the Lair of Beasts
 19857 | Lair:8   | Reached XP level 14. HP: 73/75 MP: 24/28
 19886 | Lair:8   | Reached skill level 4 in Fighting
 19934 | Lair:8   | Reached skill level 5 in Fighting
 20017 | Lair:8   | Reached skill level 6 in Fighting
 20344 | Lair:8   | Reached skill level 7 in Fighting
 20416 | Lair:7   | Reached skill level 8 in Fighting
 21308 | D:9      | Found a radiant altar of Vehumet.
 21406 | D:9      | Reached skill level 9 in Fighting
 21994 | D:9      | Reached skill level 10 in Fighting
 22525 | D:10     | Entered Level 10 of the Dungeon
 23566 | D:11     | Reached skill level 13 in Stealth
 23572 | D:11     | Got a glittering golden ring
 23574 | D:11     | Identified the ring of Currax {SInv Stlth-} (You found it on level 11 of the Dungeon)
 24033 | D:11     | Learned a level 2 spell: Blink
 24036 | D:11     | Learned a level 2 spell: Repel Missiles
 25516 | D:12     | Found Osauxih's Weapon Emporium.
 25517 | D:12     | Found a staircase to the Orcish Mines.
 25517 | D:12     | Noticed Joseph
 25563 | D:12     | Killed Joseph
 25726 | Orc:1    | Entered Level 1 of the Orcish Mines
 25829 | Orc:1    | Reached skill level 14 in Stealth
 27412 | Orc:3    | Reached XP level 15. HP: 85/92 MP: 29/29
 27621 | Orc:4    | Entered Level 4 of the Orcish Mines
 28040 | Orc:3    | Gained mutation: You evolve. [a neqoxec]
 28689 | Orc:4    | Found a staircase to the Elven Halls.
 29078 | Orc:4    | Noticed an orc warlord
 29079 | Orc:4    | Reached skill level 15 in Stealth
 29087 | Orc:4    | Killed an orc warlord
 29860 | Orc:4    | Reached skill level 16 in Stealth
 29960 | Orc:4    | Reached skill level 15 in Dodging
 30785 | Orc:4    | Found Sosmaacs' Antique Armour Emporium.
 30786 | Orc:4    | Found Voitso's Antique Weapon Shoppe.
 30787 | Orc:4    | Found Bariof's General Store.
 30787 | Orc:4    | Found Luoruno's Jewellery Emporium.
 30793 | Orc:4    | Bought an uncursed amulet of faith for 440 gold pieces
 30795 | Orc:4    | Bought a +2 helmet of see invisible for 301 gold pieces
 30795 | Orc:4    | Bought a scroll of recharging for 133 gold pieces
 30795 | Orc:4    | Bought a scroll of recharging for 133 gold pieces
 30805 | Orc:4    | Bought a crude short sword for 248 gold pieces
 30806 | Orc:4    | Identified the +0 short sword of Optimality {slice, rElec MR++ SInv} (You bought it in a shop on level 4 of the Orcish Mines)
 30840 | Orc:4    | Quit the game

Vanquished Creatures
  An orc warlord (Orc:4)
  Fannar (Lair:6)
  3 hydras
  5 death yaks
  5 orc high priests
  2 fire crabs
  A flayed ghost (D:9)
  2 hill giants
  Pikel (D:6)
  A necromancer (Lair:4)
  3 orc knights (Orc:4)
  3 orc sorcerers (Orc:4)
  3 griffons
  An ugly thing (D:11)
  2 manticores
  A sixfirhy (Orc:4)
  An oklob plant (D:6)
  16 elephants
  Joseph (D:12)
  A torpor snail (Lair:5)
  A feature mimic (Orc:2)
  8 spiny frogs
  8 black mambas
  3 komodo dragons
  A centaur skeleton (D:10)
  5 trolls
  3 fire drakes
  7 polar bears (Lair:7)
  A boulder beetle (Lair:7)
  12 blink frogs
  2 basilisks
  A spriggan (D:7)
  A wyvern (Lair:7)
  49 yaks
  Eustachio (D:6)
  A hungry ghost (D:9)
  A steam dragon (D:9)
  10 hippogriffs
  2 nagas (Lair:3)
  A warg (Orc:2)
  3 porcupines
  3 ice beasts
  13 water moccasins
  A phantom (D:10)
  2 sky beasts
  15 ogres
  5 centaurs
  A boring beetle (Lair:7)
  31 orc warriors
  13 crocodiles
  Sigmund (D:4)
  19 giant frogs
  Blork the orc (D:5)
  A big kobold (D:7)
  6 scorpions
  A cyclops skeleton (D:11)
  An electric eel (D:11)
  A hippogriff skeleton (D:11)
  12 killer bees
  3 wights (D:7)
  A goliath beetle (D:6)
  29 orc priests
  2 crimson imps
  35 orc wizards
  14 hounds
  A jelly (D:7)
  Crazy Yiuf (D:6)
  A giant frog skeleton (D:11)
  A kobold skeleton (D:11)
  3 polar bear simulacra (Lair:4)
  3 yak simulacra (Lair:4)
  6 iguanas
  7 orange rats (Lair:7)
  4 wolf simulacra (Lair:4)
  8 worker ants
  Ijyb (D:5)
  11 sheep
  A big kobold skeleton (D:5)
  2 ogre skeletons
  A hound zombie (D:5)
  A hound skeleton (D:4)
  10 gnolls
  40 green rats
  24 adders
  A shadow imp (D:7)
  6 orc skeletons
  2 giant mites
  A goliath beetle zombie (D:4)
  2 worms (D:2)
  13 orc zombies (Orc:4)
  7 giant geckos
  240 orcs
  4 giant cockroaches
  23 goblins
  15 hobgoblins
  20 jackals
  14 kobolds
  2 oozes
  12 quokkas
  A ball python (D:3)
  17 bats
  6 giant newts
  A giant spore (D:8)
  A green rat simulacrum (Lair:4)
  27 rats
  3 butterflies (D:4)
930 creatures vanquished.

Vanquished Creatures (collateral kills)
  2 orc warriors (Orc:4)
  An ogre (D:11)
  An orc priest (Orc:4)
  2 orc wizards (Orc:4)
  An orc (Orc:4)
  An orc skeleton (Orc:4)
8 creatures vanquished.

Vanquished Creatures (others)
  A yellow wasp (D:9)
  An ogre (D:9)
  A jelly (D:9)
  An orc wizard (D:9)
  2 green rats (Lair:7)
  4 orcs (D:9)
  6 fungi
  6 plants
22 creatures vanquished.

Grand Total: 960 creatures vanquished
